 Dungeon Crawl Stone Soup version 0.26-b1-32-g5d43845318 (webtiles) character file.

Game seed: 16334649187395217942

3682 TrebMcFLY the Cleaver (level 10, 0/76 HPs)
             Began as a Formicid Fighter on Jan 11, 2021.
             Was a Believer of Makhleb.
             Succumbed to a killer bee's poison
             ... on level 9 of the Dungeon.
             The game lasted 00:17:09 (8799 turns).

TrebMcFLY the Cleaver (Formicid Fighter)            Turns: 8799, Time: 00:17:09

Health: 0/76       AC: 15    Str: 24    XL:     10   Next: 35%
Magic:  22/22      EV:  6    Int:  8    God:    Makhleb [**....]
Gold:   446        SH: 16    Dex: 16    Spells: 9/9 levels left

rFire    . . .     SeeInvis +   a - +0 war axe
rCold    . . .     Faith    .   j - +0 tower shield
rNeg     . . .     Spirit   .   r - +0 plate armour
rPois    .         Reflect  .   (helmet unavailable)
rElec    .         Harm     .   y - +0 cloak
rCorr    .         Rampage  .   c - +0 pair of gloves
Will     +....                  (no boots)
Stlth    ..........             (no amulet)
HPRegen  0.22/turn              o - +6 ring of dexterity
MPRegen  0.18/turn              B - ring of magical power

@: lethally poisoned (0 -> -5)
A: permanent stasis, dig shafts and tunnels, four strong arms, antennae 3
a: Dig, Shaft Self, Renounce Religion, Minor Destruction


You were on level 9 of the Dungeon.
You worshipped Makhleb.
Makhleb was pleased with you.
You visited 2 branches of the dungeon, and saw 10 of its levels.

You collected 446 gold pieces.

Inventory:

Hand Weapons
 a - a +0 war axe (weapon)
 z - a +3 battleaxe
 D - a +1 flail of holy wrath
Missiles
 u - 9 boomerangs (quivered)
Armour
 c - a +0 pair of gloves (worn)
 j - a +0 tower shield (worn)
 r - a +0 plate armour (worn)
 t - a +1 scale mail of poison resistance
 y - a +0 cloak (worn)
Jewellery
 o - a +6 ring of dexterity (left hand)
 B - a ring of magical power (right hand)
Wands
 b - a wand of iceblast (18)
Scrolls
 f - 2 scrolls of identify
 g - 2 scrolls of random uselessness {unknown}
 h - a scroll of fog {unknown}
 i - 3 scrolls of remove curse {unknown}
 k - 5 scrolls of enchant armour
 n - 4 scrolls of enchant weapon {unknown}
 p - 3 scrolls of blinking {unknown}
 s - 2 scrolls of amnesia {unknown}
 v - 5 scrolls of fear
 w - 3 scrolls of immolation {unknown}
 C - a scroll of noise {unknown}
Potions
 d - 2 potions of might
 e - 2 potions of lignification
 l - 2 potions of mutation
 m - a potion of cancellation
 A - a potion of attraction


   Skills:
 + Level 5.7 Fighting
 * Level 9.2 Axes
 + Level 4.0 Throwing
 + Level 5.8 Armour
 + Level 3.8 Dodging
 + Level 6.3 Shields
 + Level 5.0 Invocations
 + Level 3.0 Evocations


You had 9 spell levels left.
You didn't know any spells.
Your spell library contained the following spells:

 Spells                   Type           Power        Failure   Level
 Summon Small Mammal      Summ           0%           100%        1
 Call Imp                 Summ           0%           100%        2
 Call Canine Familiar     Summ           0%           100%        3
 Summon Guardian Golem    Hex/Summ       0%           100%        3
 Summon Ice Beast         Ice/Summ       0%           100%        4
 Summon Lightning Spire   Summ/Air       0%           100%        4


Dungeon Overview and Level Annotations

Branches:
Dungeon (9/15)             Temple (1/1) D:5
   Lair: D:8-11         Orc: D:9-12

Altars:
Ashenzari
Cheibriados
Dithmenos
Elyvilon
Fedhas
Hepliaklqana
Kikubaaqudgha
Makhleb
Nemelex Xobeh
Okawaru
Qazlal
Ru
Sif Muna
Trog
Uskayaw
Vehumet
Wu Jian
Xom
Yredelemnul
Zin
The Shining One

Shops:
D:6 [

Annotations:
D:9 Joseph


Innate Abilities, Weirdness & Mutations

You cannot be hasted, slowed, berserked, paralysed or teleported.
You can dig through walls and to a lower floor.
Your four strong arms can wield two-handed weapons with a shield.
You have a pair of large antennae on your head. (SInv)


Message History

The killer bee stings you but does no damage.
You block the killer bee's attack.
You barely miss the killer bee.
The killer bee is moderately wounded.
You feel sick.
The killer bee stings you but does no damage.
The killer bee barely misses you.
You miss the killer bee.
The killer bee is moderately wounded.
You block the killer bee's attack.
The killer bee stings you but does no damage.
You hit the killer bee.
The killer bee is heavily wounded.
You block the killer bee's attack. The killer bee stings you.
* * * LOW HITPOINT WARNING * * *
You are more poisoned.
The killer bee poisons you!
You miss the killer bee.
The killer bee is heavily wounded.
You die...

.. #.....#... ## #
#.y.......
..####......... .
#..#.y...... # ..#
#......# .. ####.# #...#
..# .....# ##.## ...#
.....# #>..### ..###
.#...######.##.y@###.....
......#.#..# ###.........
..........### ##......##
............# #......##
.....<.....## #........
.........#..#####........
.............##.#÷##..###
................†.# .##
.................## .#


You could see a killer bee.

Vanquished Creatures
  Prince Ribbit (D:7)
  6 yaks (D:9)
  A phantom (D:7)
  An orc warrior (D:6)
  3 ice beasts
  An ogre (D:8)
  2 centaurs
  4 bullfrogs
  2 scorpions
  3 killer bees (D:9)
  4 wights
  A howler monkey (D:8)
  4 hounds
  A jelly (D:6)
  A quasit (D:8)
  6 orc priests
  6 orc wizards
  3 bullfrog skeletons
  3 iguanas
  6 worker ants
  A killer bee zombie (D:8)
  Robin (D:3)
  A worker ant zombie (D:5)
  A howler monkey skeleton (D:4)
  15 adders
  A shadow imp (D:5)
  A white imp (D:5)
  An ufetubus (D:5)
  An adder zombie (D:7)
  2 adder skeletons
  6 leopard geckos
  29 orcs
  5 giant cockroaches
  10 goblins
  12 hobgoblins
  18 jackals
  9 kobolds
  5 quokkas
  A ball python (D:4)
  6 bats
  9 frilled lizards
  8 rats
202 creatures vanquished.

Vanquished Creatures (others)
  15 plants (D:3)
15 creatures vanquished.

Grand Total: 217 creatures vanquished

Notes
Turn   | Place    | Note
-------+----------+-------------------------------------------
     0 | D:1      | TrebMcFLY the Formicid Fighter began the quest for the Orb.
     0 | D:1      | Reached XP level 1. HP: 18/18 MP: 1/1
   271 | D:1      | Reached XP level 2. HP: 24/24 MP: 2/2
   474 | D:1      | Reached skill level 3 in Axes
   624 | D:1      | Reached XP level 3. HP: 29/29 MP: 3/3
  1362 | D:2      | Reached skill level 4 in Axes
  1362 | D:2      | Reached XP level 4. HP: 26/35 MP: 4/4
  1592 | D:2      | Reached XP level 5. HP: 38/41 MP: 5/5
  1693 | D:2      | Reached skill level 5 in Axes
  2230 | D:3      | Noticed Robin
  2253 | D:3      | Killed Robin
  2792 | D:3      | Reached XP level 6. HP: 47/47 MP: 6/6
  3079 | D:4      | Reached skill level 6 in Axes
  3487 | D:4      | Found a sparkling altar of Nemelex Xobeh.
  3660 | D:4      | Noticed an ogre
  4084 | D:5      | Entered Level 5 of the Dungeon
  4091 | D:5      | Found a staircase to the Ecumenical Temple.
  4099 | Temple   | Entered the Ecumenical Temple
  4176 | Temple   | Became a worshipper of Makhleb the Destroyer
  4257 | D:5      | Found an ancient bone altar of Kikubaaqudgha.
  4498 | D:5      | Reached XP level 7. HP: 52/52 MP: 7/7
  4601 | D:5      | Reached skill level 1 in Invocations
  4684 | D:5      | Reached skill level 1 in Throwing
  4839 | D:5      | Reached skill level 7 in Axes
  4839 | D:5      | Reached skill level 1 in Dodging
  5143 | D:6      | Reached XP level 8. HP: 56/60 MP: 9/9
  5152 | D:6      | Reached * piety under Makhleb
  5246 | D:6      | Found a shimmering altar of Xom.
  5248 | D:6      | Found a broken altar of Ashenzari.
  5940 | D:6      | Found Caal's Antique Armour Boutique.
  6506 | D:7      | Noticed Prince Ribbit
  6617 | D:7      | Found a stormy altar of Qazlal.
  6683 | D:7      | Reached skill level 5 in Shields
  6683 | D:7      | Reached XP level 9. HP: 38/66 MP: 11/11
  6720 | D:7      | Killed Prince Ribbit
  6721 | D:7      | Reached skill level 8 in Axes
  7096 | D:7      | Reached skill level 5 in Armour
  7486 | D:8      | Found a shimmering blue altar of Sif Muna.
  7486 | D:8      | Found a basalt altar of Yredelemnul.
  7486 | D:8      | Found a shadowy altar of Dithmenos.
  7486 | D:8      | Found a radiant altar of Vehumet.
  7533 | D:8      | Reached ** piety under Makhleb
  7534 | D:8      | Reached skill level 1 in Evocations
  7614 | D:8      | Reached skill level 5 in Fighting
  7761 | D:8      | Found a shimmering altar of Xom.
  8227 | D:8      | Noticed a two-headed ogre
  8449 | D:9      | Noticed Joseph
  8524 | D:9      | Reached XP level 10. HP: 64/74 MP: 13/13
  8537 | D:9      | Reached skill level 9 in Axes
  8552 | D:9      | Reached skill level 5 in Invocations
  8781 | D:9      | HP: 3/76 [poisoned by a killer bee]
  8794 | D:9      | HP: 3/76 [poisoned by a killer bee]
  8798 | D:9      | HP: 1/76 [killer bee (2)]
  8799 | D:9      | Succumbed to a killer bee's poison

Illustrated notes

Levels and vault maps discovered:
D:1:      amcnicky_arrival_single_pillar, layout_loops_corners,
          minmay_heptomino_h4
D:2:      layout_basic, fountainhead, minmay_cupped
D:3:      layout_loops_ring, serial_bayou, serial_bayou_shore_a,
          serial_bayou_lagoon_b, serial_bayou_pond_c, serial_bayou_crossing,
          serial_bayou_pond_d, grunt_ministairs_13, uniq_robin
D:4:      layout_gridville, nemelex_lonely_heart_becter
D:5:      layout_loops_corners, nicolae_overflow_crystal_walls,
          minmay_temple_entry_hall
D:6:      layout_loops_ring, cheibrodos_ashenzari_chains, serial_shops,
          nicolae_shop_behind_doors, basic_altar, palyth_stone_intersect,
          small_statue_intersection
D:7:      minmay_thinvault, layout_cave_pools, lemuel_altar_in_water,
          uniq_prince_ribbit1
D:8:      layout_loops_corners, chequers_temple_overflow_statue_of_worship,
          xom_butterflies
D:9:      layout_layer_cave, gammafunk_temple_overflow_elements,
          kennysheep_generic_room_4, uniq_joseph
Temple:   dshaligram_water_room_temple

Skill      XL: |  1  2  3  4  5  6  7  8  9 10 |
---------------+-------------------------------+-----
Axes           | 3 4 5 6 7 8 9 |  9.2
Invocations    | 1 3 4 5 |  5.0
Throwing       | 1 2 3 4 |  4.0
Shields        | 4 5 6 |  6.3
Dodging        | 1 2 3 |  3.8
Armour         | 4 5 |  5.8
Fighting       | 4 5 |  5.7
Evocations     | 2 3 |  3.0

Action                   |  1- 3 |  4- 6 |  7- 9 | 10-12 || total
-------------------------+-------+-------+-------+-------++-------
Melee: War axe           |   101 |   185 |   344 |    75 ||   705
Throw: Boomerang         |       |       |    11 |       ||    11
  Use: Scroll            |       |       |     9 |       ||     9
       Potion            |       |       |     1 |     1 ||     2
Armor: Scale mail        |    45 |    78 |    46 |       ||   169
       Plate armour      |       |       |    71 |    48 ||   119
Dodge: Dodged            |    33 |    91 |    59 |    15 ||   198
Block: Kite shield       |    52 |   110 |    49 |       ||   211
       Tower shield      |       |       |   207 |   108 ||   315
